 Dungeon Crawl Stone Soup version 0.28.0-45-g0d030f2227 (webtiles) character file.

Game seed: 5254587907988140925

190 Bruhh the Skirmisher (level 5, -2/37 HPs)
             Began as a Gargoyle Fighter on Apr 23, 2022.
             Slain by an orc wizard
             ... wielding a +0 dagger
              (3 damage)
             ... on level 3 of the Dungeon.
             The game lasted 00:03:42 (2380 turns).

Bruhh the Skirmisher (Gargoyle Fighter)             Turns: 2380, Time: 00:03:43

Health: -2/37      AC: 10    Str: 21    XL:     5   Next: 69%
Magic:  5/5        EV:  9    Int:  9    God:
Gold:   65         SH:  0    Dex:  9    Spells: 4/4 levels left

rFire   . . .      SeeInvis .   a - +0 flail
rCold   . . .      Faith    .   c - +0 buckler
rNeg    + . .      Spirit   .   b - +0 scale mail
rPois   ∞          Reflect  .   (no helmet)
rElec   +          Harm     .   (no cloak)
rCorr   .          Rampage  .   (no gloves)
Will    .....                   (no boots)
Stlth   ..........              (no amulet)
HPRegen 0.12/turn               (no ring)
MPRegen 0.09/turn               (no ring)

@: confused
A: sickness immunity, AC +4, negative energy resistance 1, electricity
resistance, torment resistance 1, petrification resistance
a: no special abilities


You were on level 3 of the Dungeon.
You visited 1 branch of the dungeon, and saw 3 of its levels.

You collected 65 gold pieces.

Inventory:

Hand Weapons
 a - a +0 flail (weapon)
Armour
 b - a +0 scale mail (worn)
 c - a +0 buckler (worn)
Jewellery
 j - an amulet of guardian spirit
Scrolls
 e - a scroll of identify {unknown}
 g - a scroll of fog {unknown}
 h - a scroll of enchant weapon {unknown}
 i - a scroll of noise {unknown}
Potions
 d - a potion of might
 f - 2 potions of curing {unknown}
 k - a potion of ambrosia {unknown}


   Skills:
 + Level 6.8 Fighting
 - Level 2.0 Maces & Flails
 - Level 3.2 Armour
 - Level 3.2 Shields


You had 4 spell levels left.
You didn't know any spells.
Your spell library contained the following spells:

 Spells                   Type           Power      Damage    Failure   Level
 Apportation              Tloc           0%         N/A       82%         1


Dungeon Overview and Level Annotations

Branches:
Dungeon (3/15)

Altars:


Innate Abilities, Weirdness & Mutations

You are immune to sickness and miasma.
Your stone body is resilient. (AC +4)
You are immune to poison.
You resist negative energy. (rN+)
You are resistant to electric shocks. (rElec)
You are resistant to unholy torment.
You are immune to petrification.


Message History

You closely miss something.
You hear some strange, mumbled words.
Something tries to affect you, but you resist.
The hobgoblin hits you but does no damage.
Something hits you but does no damage.
You hit something.
The hobgoblin hits you but does no damage.
Something hits you but does no damage.
You miss something.
The hobgoblin hits you but does no damage.
Something hits you.
* * * LOW HITPOINT WARNING * * *
You barely miss something. The hobgoblin misses you.
You hear some strange, mumbled words.
A magic dart appears from out of thin air!
The magic dart hits you.
* * * LOW HITPOINT WARNING * * *
The hobgoblin closely misses you. Something hits you but does no damage.
You barely miss something. You block the hobgoblin's attack.
Something hits you but does no damage.
You hit something.
The hobgoblin hits you but does no damage.
Something hits you but does no damage.
The hobgoblin hits you but does no damage.
You sock something! Something hits you but does no damage.
The hobgoblin hits you but does no damage.
Something hits you but does no damage.
You barely miss something.
The hobgoblin hits you but does no damage.
Something hits you but does no damage.
You closely miss something. The hobgoblin barely misses you.
You hear some strange, mumbled words.
You are confused.
The hobgoblin hits you but does no damage.
The hobgoblin hits you.
* * * LOW HITPOINT WARNING * * *
You closely miss something. Something hits you but does no damage.
The hobgoblin barely misses you. Something hits you.
You die...

#.....# # 8...8
#.# ##>## ##
#...#########.#
#.!.........####.
#......))........
#.......)g.......
#####...{...##..
#....@..#
#.!.....#
####..### #..#
..#. ..###. ##


You could see a hobgoblin.

Vanquished Creatures
  Sigmund (D:2)
  An adder (D:2)
  3 orcs (D:3)
  4 endoplasms
  2 giant cockroaches (D:1)
  4 goblins
  2 hobgoblins
  4 jackals (D:2)
  A quokka (D:1)
  A ball python (D:1)
  5 bats
  2 frilled lizards (D:1)
  6 kobolds
  10 rats
46 creatures vanquished.

Vanquished Creatures (others)
  A fungus (D:2)
1 creature vanquished.

Grand Total: 47 creatures vanquished

Notes
Turn   | Place    | Note
-------+----------+-------------------------------------------
     0 | D:1      | Bruhh the Gargoyle Fighter began the quest for the Orb.
     0 | D:1      | Reached XP level 1. HP: 14/14 MP: 1/1
   230 | D:1      | Reached XP level 2. HP: 20/20 MP: 2/2
   266 | D:1      | Reached skill level 4 in Fighting
  1389 | D:2      | Reached XP level 3. HP: 24/24 MP: 3/3
  1440 | D:2      | Found a faded altar of an unknown god.
  1472 | D:2      | Got Plato's Tome of Displacement
  1790 | D:2      | Reached skill level 5 in Fighting
  2016 | D:2      | Noticed Sigmund
  2027 | D:2      | Killed Sigmund
  2028 | D:2      | Reached skill level 6 in Fighting
  2028 | D:2      | Reached XP level 4. HP: 18/32 MP: 4/4
  2028 | D:2      | Reached XP level 5. HP: 21/37 MP: 5/5
  2378 | D:3      | HP: 1/37 [hobgoblin (3)]
  2380 | D:3      | Slain by an orc wizard

Illustrated notes

Levels and vault maps discovered:
D:1:      amcnicky_arrival_single_pillar, layout_basic
D:2:      layout_loops_ring, shapermc_ecumenical_altar_rom_forum,
          hangedman_decor_push, uniq_sigmund
D:3:      layout_loops_ring, nicolae_overflow_hidden_temple, minmay_surrounded

Skill      XL: |  1  2  3 |
---------------+----------+-----
Fighting       | 4 6 |  6.8
Maces & Flails | |  2.0
Armour         | |  3.2
Shields        | |  3.2

Action                   |  1- 3 |  4- 6 || total
-------------------------+-------+-------++-------
Melee: Flail             |   118 |    26 ||   144
Armor: Scale mail        |    76 |    48 ||   124
Dodge: Dodged            |    64 |    21 ||    85
Block: Buckler           |    11 |     4 ||    15
